 Dungeon Crawl Stone Soup version 0.28.0 (webtiles) character file.

Game seed: 7894999412075043197

4651 croobank the Fighter (level 10, -13/88 HPs)
             Began as a Hill Orc Monk on Feb 12, 2022.
             Was a Priest of Beogh.
             Mangled by Harold (23 damage)
             ... on level 9 of the Dungeon on Feb 13, 2022.
             The game lasted 00:43:26 (8795 turns).

croobank the Fighter (Hill Orc Monk)                Turns: 8795, Time: 00:43:26

Health: -13/88     AC: 11    Str: 19    XL:     10   Next: 43%
Magic:  14/16      EV:  7    Int: 10    God:    Beogh [***...]
Gold:   490        SH:  0    Dex: 19    Spells: 9/9 levels left

rFire   + . .      SeeInvis .   a - +4 dagger (venom)
rCold   + + .      Faith    .   (no shield)
rNeg    . . .      Spirit   .   O - +7 Kryia's mail coat {PotionHeal*2 rC+}
rPois   +          Reflect  .   (helmet restricted)
rElec   +          Harm     .   e - +0 cloak
rCorr   +          Rampage  .   n - +2 pair of gloves
Will    .....                   (no boots)
Stlth   ++........              (no amulet)
HPRegen 0.24/turn               c - +6 ring of dexterity
MPRegen 0.15/turn               (no ring)

@: resistant, corroded, held
A: horns 1, subdued magic 1
a: Renounce Religion, Smiting


You were on level 9 of the Dungeon.
You worshipped Beogh.
Beogh was most pleased with you.
You visited 1 branch of the dungeon, and saw 9 of its levels.
You also visited: Ossuary.

You collected 542 gold pieces.
You spent 52 gold pieces at shops.

Inventory:

Hand Weapons
 a - a +4 dagger of venom (weapon)
 b - a +0 hunting sling
 d - a +2 falchion of flaming
 B - a +1 whip of flaming
 L - a +5 flail of protection
 M - a +2 falchion of holy wrath
 P - a +5 short sword
 Q - a +1 vampiric whip
 T - a +0 hand crossbow
 W - a +0 whip of draining
Missiles
 f - 198 stones
 k - 29 arrows
 o - 10 poisoned darts
 r - 50 bolts
 u - 3 atropa-tipped darts (quivered)
 H - a boomerang
 Z - 28 sling bullets
Armour
 e - a +0 cloak (worn)
 g - a +2 chain mail
 n - a +2 pair of gloves (worn)
 I - a +1 robe of resistance
 O - the +7 Kryia's mail coat (worn) {PotionHeal*2 rC+}
   (You found it on level 6 of the Dungeon)

   Potions are twice as effective at healing its wearer.
   rC:        It protects you from cold.
 S - a +0 robe
 X - the +3 chain mail of Etoqic {Will++ Dex+3}
   (You found it on level 8 of the Dungeon)

   Dex:       It affects your dexterity (+3).
   Will:      It greatly increases your willpower.
Magical Staves
 j - a staff of cold
 s - a staff of air
 E - a staff of death
Jewellery
 c - a +6 ring of dexterity (left hand)
Wands
 l - a wand of polymorph (11)
 p - a wand of flame (27)
 y - a wand of acid (7)
 J - a wand of charming (14)
 N - a wand of iceblast (11)
 V - a wand of paralysis (8)
Scrolls
 m - 4 scrolls of teleportation
 K - a scroll of fear
 Y - 2 scrolls of identify
Potions
 h - a potion of resistance
 q - a potion of ambrosia
 t - 3 potions of attraction
 v - 5 potions of flight
 w - a potion of berserk rage
 x - 3 potions of curing
 z - a potion of magic
 A - a potion of mutation
 C - 3 potions of heal wounds {unknown}
 D - 2 potions of brilliance
 F - a potion of haste {unknown}
 G - a potion of degeneration {unknown}
 R - 2 potions of lignification {unknown}
 U - 3 potions of cancellation


   Skills:
 + Level 8.2 Fighting
 + Level 5.3 Short Blades
 - Level 5.1 Axes
 + Level 6.3 Armour
 + Level 5.7 Dodging
 + Level 5.7 Stealth
 + Level 8.0 Invocations


You had 9 spell levels left.
You didn't know any spells.
Your spell library contained the following spells:

 Spells                   Type           Power      Damage    Failure   Level
 Animate Skeleton         Necr           0%         N/A       67%         1
 Apportation              Tloc           0%         N/A       67%         1
 Slow                     Hex            0%         N/A       67%         1
 Summon Small Mammal      Summ           0%         N/A       67%         1
 Corpse Rot               Necr/Air       0%         N/A       80%         2
 Confusing Touch          Hex            0%         N/A       96%         3
 Vampiric Draining        Necr           0%         2d6       96%         3
 Dispel Undead            Necr           0%         3d6       100%        4
 Summon Forest            Summ/Tloc      0%         N/A       100%        5
 Yara's Violent Unravell  Hex/Tmut       0%         3d3       100%        5
 Death Channel            Necr           0%         N/A       100%        6
 Eringya's Noxious Bog    Tmut/Pois      0%         N/A       100%        6
 Enfeeble                 Hex            0%         N/A       100%        7
 Summon Hydra             Summ           0%         N/A       100%        7


Dungeon Overview and Level Annotations

Branches:
Dungeon (9/15)             Temple (0/1) D:7         Ossuary (visited)
   Lair: D:8-11         Orc: D:9-12

Altars:
Ashenzari
Dithmenos
Gozag
Makhleb
Nemelex Xobeh
Okawaru
Ru
Uskayaw
Xom

Shops:
D:2 !   D:7 *

Annotations:
D:9 Harold


Innate Abilities, Weirdness & Mutations

You have a pair of small horns on your head.
Your spells are a little easier to cast, but a little less powerful.


Message History

Harold hits your orc priest with a +0 glaive!!
Your orc priest dies!
Your orc priest mumbles some strange prayers to Beogh against Harold.
Harold writhes in agony!
Okay, then.
Okay, then.
Okay, then.
You feel protected.
Harold zaps a wand.
The bolt of acid hits you. You resist. The acid corrodes you!
You struggle against the net.
Harold zaps a wand.
The bolt of acid hits your orc priest!!!
Your orc priest dies!
The bolt of acid hits you! You resist.
* * * LOW HITPOINT WARNING * * *
You struggle against the net.
As you read the scroll of summoning, it crumbles to dust.
Wisps of shadow whirl around you...
Harold zaps a wand.
The bolt of acid hits you! You resist.
* * * LOW HITPOINT WARNING * * *
Aiming: Paralyse
Press: ? - help, Shift-Dir - straight line, f/p - Harold
Aim: Harold, wielding a +0 glaive, wearing a +0 scale mail, quivering 2 throwing nets and carrying a wand of acid (1) (heavily wounded, ally target, chance to affect: 17%)
Okay, then.
Aiming: Polymorph
Press: ? - help, Shift-Dir - straight line, f/p - Harold
Aim: Harold, wielding a +0 glaive, wearing a +0 scale mail, quivering 2 throwing nets and carrying a wand of acid (1) (heavily wounded, ally target, will become an elephant, a cyclops, or a polar bear, chance to affect: 17%)
Okay, then.
Aiming: Charm
Press: ? - help, Shift-Dir - straight line, f/p - Harold
Aim: Harold, wielding a +0 glaive, wearing a +0 scale mail, quivering 2 throwing nets and carrying a wand of acid (1) (heavily wounded, ally target, chance to affect: 17%)
Okay, then.
Aiming: Iceblast
Press: ? - help, Shift-Dir - straight line, f/p - Harold
Aim: Harold, wielding a +0 glaive, wearing a +0 scale mail, quivering 2 throwing nets and carrying a wand of acid (1) (heavily wounded, ally target)
The mass of ice explodes!
The iceblast engulfs Harold!
Harold is severely wounded.
You hear a shout!
You hear an angry buzzing noise. x2
Harold hits you from afar with a +0 glaive!!
You die...

###o........##.#.##
###.o.........'...#o#
#..[##.......######o#
#....#.......#..# #o#
#...#####'####..# #o#
#.#..# #.......# #.#
#....# #.......# #..
####.##.##.#.......#
###
......Z@...#.......#
#
#######F####.......#
# #@# ######### # #)#
# ... # #.# #.# #..


You could see Harold (ally target), a friendly bullfrog (summoned) and a
friendly centaur zombie (summoned).

Vanquished Creatures
  A boulder beetle (D:6)
  Pikel (D:5)
  Sigmund (D:3)
  A wyvern (D:7)
  Eustachio (D:5)
  A steam dragon (D:7)
  Edmund (D:5)
  Menkaure (D:5)
  A water moccasin (D:6)
  2 black bears (D:5)
  2 ice beasts
  An orc warrior (D:6)
  A necrophage (D:6)
  A sky beast (D:8)
  2 ogres (D:4)
  A phantom (D:4)
  Blork the orc (D:4)
  A kobold brigand (D:8)
  A water moccasin zombie (D:5)
  2 water moccasin skeletons (D:6)
  2 killer bees (D:7)
  A bullfrog zombie (D:5)
  A centaur zombie (D:5)
  A jelly (D:8)
  4 hounds
  An orc priest (D:6)
  A gnoll shaman (D:6)
  A centaur skeleton (D:7)
  2 iguanas
  Natasha (twice) (D:2)
  4 orc wizards
  A killer bee zombie (D:6)
  A mummy (Ossuary)
  10 gnolls
  5 adders
  4 ufetubi
  3 worms
  13 orcs
  9 ball pythons
  4 endoplasms
  3 giant cockroaches
  9 goblins
  8 jackals
  9 kobolds
  4 quokkas
  7 bats
  4 frilled lizards
  5 gnoll skeletons (Ossuary)
  8 kobold skeletons (Ossuary)
  12 orc skeletons (Ossuary)
  8 rats
171 creatures vanquished.

Vanquished Creatures (collateral kills)
  A gargoyle (D:6)
  A wraith (Ossuary)
  An orc warrior (D:9)
  A centaur (D:9)
  A phantom (D:7)
  A bullfrog (D:6)
  A wyvern zombie (D:8)
  A killer bee (D:7)
  A centaur zombie (D:8)
  A gnoll shaman (D:8)
  2 orc priests (D:8)
  An iguana (D:6)
  An orc wizard (D:8)
  A howler monkey zombie (D:9)
  5 gnolls
  An orc (D:8)
  A goblin (D:7)
  2 kobolds (D:8)
24 creatures vanquished.

Vanquished Creatures (others)
  4 orc priests
  An orc wizard (D:6)
  8 orcs
  A giant cockroach (D:4)
  A demonic plant (D:3)
15 creatures vanquished.

Grand Total: 210 creatures vanquished

Notes
Turn   | Place    | Note
-------+----------+-------------------------------------------
     0 | D:1      | croobank the Hill Orc Monk began the quest for the Orb.
     0 | D:1      | Reached XP level 1. HP: 19/19 MP: 1/1
   182 | D:1      | Reached XP level 2. HP: 20/27 MP: 2/2
   325 | D:1      | Gained mutation: Your spells are a little easier to cast,
                  | but a little less powerful. [potion of mutation]
   325 | D:1      | Gained mutation: You have a pair of small horns on your
                  | head. [potion of mutation]
   330 | D:1      | Reached skill level 1 in Invocations
  1080 | D:2      | Found Ehyowok's Distillery.
  1088 | D:2      | Found an iron altar of Okawaru.
  1094 | D:2      | Bought a potion of might for 52 gold pieces
  1100 | D:2      | Noticed Natasha
  1102 | D:2      | Noticed a crimson imp
  1107 | D:2      | Killed Natasha
  1108 | D:2      | Reached XP level 3. HP: 28/33 MP: 2/4
  1178 | D:2      | Reached XP level 4. HP: 38/40 MP: 5/5
  1649 | D:2      | Noticed Natasha
  1656 | D:2      | Killed Natasha
  1914 | D:3      | Reached XP level 5. HP: 46/47 MP: 6/6
  2221 | D:3      | Found a burning altar of Makhleb.
  2222 | D:3      | Noticed Sigmund
  2331 | D:4      | Noticed Blork the orc
  2347 | D:4      | Killed Blork the orc
  2348 | D:4      | Reached skill level 5 in Axes
  2348 | D:4      | Reached skill level 1 in Armour
  2372 | D:4      | Noticed a phantom
  2376 | D:4      | Found a sand-covered staircase.
  2382 | Ossuary  | Entered an ossuary
  2382 | Ossuary  | Noticed a wraith
  2382 | Ossuary  | Noticed a wraith
  2382 | Ossuary  | Noticed a wraith
  2399 | Ossuary  | Reached XP level 6. HP: 44/53 MP: 8/8
  2462 | Ossuary  | Noticed a wraith
  2556 | Ossuary  | Killed a wraith
  2557 | Ossuary  | Reached skill level 5 in Fighting
  2686 | D:4      | Reached skill level 1 in Short Blades
  2686 | D:4      | Reached XP level 7. HP: 52/61 MP: 9/9
  3044 | D:4      | Became a worshipper of Beogh the Brigand
  3044 | D:4      | Reached * piety under Beogh
  3044 | D:4      | Reached ** piety under Beogh
  3235 | D:4      | Found a broken altar of Ashenzari.
  3301 | D:5      | Entered Level 5 of the Dungeon
  3301 | D:5      | Noticed Eustachio
  3326 | D:5      | Noticed Pikel
  3341 | D:5      | Killed Pikel
  3342 | D:5      | Reached skill level 5 in Invocations
  3342 | D:5      | Reached XP level 8. HP: 50/70 MP: 11/11
  3446 | D:5      | Noticed Menkaure
  3449 | D:5      | Killed Menkaure
  3634 | D:5      | Noticed Edmund
  3658 | D:5      | Killed Edmund
  3932 | D:5      | Reached XP level 9. HP: 71/78 MP: 13/13
  4266 | D:5      | Found a hide-covered altar of Uskayaw.
  4267 | D:5      | Found a sparkling altar of Nemelex Xobeh.
  4268 | D:5      | Killed Eustachio
  4626 | D:6      | Found the +7 Kryia's mail coat {PotionHeal*2 rC+}
  4729 | D:6      | Reached skill level 5 in Armour
  4851 | D:3      | Killed Sigmund
  4852 | D:3      | Reached skill level 5 in Dodging
  4946 | D:3      | Found a faded altar of an unknown god.
  5017 | D:3      | Reached *** piety under Beogh
  5779 | D:6      | Reached skill level 5 in Stealth
  5846 | D:6      | Noticed a gargoyle
  5867 | D:6      | Killed a gargoyle
  5949 | D:6      | Noticed a boulder beetle
  5986 | D:6      | Killed a boulder beetle
  5987 | D:6      | Reached XP level 10. HP: 36/88 MP: 15/15
  6218 | D:6      | Found a radiant altar of Vehumet.
  6220 | D:6      | Found a shadowy altar of Dithmenos.
  6220 | D:6      | Found a shadowy altar of Dithmenos.
  6222 | D:6      | Found a shimmering altar of Xom.
  6222 | D:6      | Found a sparkling altar of Nemelex Xobeh.
  6222 | D:6      | Found a sacrificial altar of Ru.
  6374 | D:6      | Reached skill level 5 in Short Blades
  6867 | D:7      | Found a staircase to the Ecumenical Temple.
  7012 | D:7      | Found Oleatesm's Assorted Antiques.
  7173 | D:7      | Found an opulent altar of Gozag.
  7910 | D:8      | Identified the +3 chain mail of Etoqic {Will++ Dex+3}
  8782 | D:9      | Noticed Harold
  8795 | D:9      | Mangled by Harold

Illustrated notes

Levels and vault maps discovered:
D:1:      onia_arrival_handbag, layout_basic, serial_rivers,
          chequers_serial_rivers_micro_c, chequers_serial_rivers_micro_e,
          chequers_serial_rivers_micro_d, chequers_serial_rivers_micro_b,
          chequers_serial_rivers_micro_c
D:2:      layout_basic, serial_shops, shop, basic_altar, minmay_crystal_room,
          uniq_natasha
D:3:      layout_basic, mainiacjoe_overflow_24_doors,
          dreamdust_ecumenical_altar_sealed_demon, uniq_sigmund
D:4:      layout_rooms, marbit_many_paths, enter_ossuary_2, uniq_blork_the_orc
D:5:      layout_loops_ring, gammafunk_temple_overflow_pools, uniq_menkaure,
          uniq_pikel, uniq_eustachio, uniq_edmund
D:6:      layout_basic, doesnt_xom_only_xom, corexii_leaking_fountain,
          minmay_three_doors
D:7:      layout_cave_pods, nicolae_gozag_seed_capital, temple_doors_e,
          serial_shops, nicolae_stop_n_shop_2, enter_bailey_3
D:8:      layout_cave_pods
D:9:      nicolae_cairo_tiling_very_big, layout_loops_cross,
          fedhas_altar_fruit_tree, uniq_harold

Skill      XL: |  1  2  3  4  5  6  7  8  9 10 |
---------------+-------------------------------+-----
Invocations    | 1 2 3 5 7 8 |  8.0
Fighting       | 4 5 6 7 8 |  8.2
Stealth        | 2 3 4 5 |  5.7
Dodging        | 3 4 5 |  5.7
Axes           | 5 |  5.1
Armour         | 1 2 3 4 5 6 |  6.3
Short Blades   | 1 2 3 4 5 |  5.3

Action                   |  1- 3 |  4- 6 |  7- 9 | 10-12 || total
-------------------------+-------+-------+-------+-------++-------
Melee: Hand axe          |    81 |    33 |       |       ||   114
       Headbutt          |     6 |    41 |    92 |    21 ||   160
       Dagger            |       |   121 |   330 |   108 ||   559
       Punch             |       |     3 |     6 |     1 ||    10
       Unarmed           |       |       |     1 |       ||     1
 Fire: Hunting sling     |       |       |       |     1 ||     1
Throw: Dart              |       |     2 |     1 |       ||     3
       Throwing net      |       |     1 |       |       ||     1
Invok: Convert to Beogh  |       |       |     1 |       ||     1
       Smiting           |       |       |     1 |     1 ||     2
Evoke: Wand              |       |       |     4 |     1 ||     5
  Use: Potion            |     2 |       |     2 |     2 ||     6
       Scroll            |     3 |    16 |     2 |     2 ||    23
 Stab: Sleeping          |     1 |       |     1 |     1 ||     3
       Distracted        |       |       |     1 |       ||     1
Armor: Chain mail        |    39 |   108 |   121 |       ||   268
       Robe              |     9 |       |       |       ||     9
       Scale mail        |       |       |    38 |    57 ||    95
Dodge: Dodged            |    63 |    57 |   147 |    77 ||   344
